 Dungeon Crawl Stone Soup version 0.28.0-49-g6dfe1f597d (webtiles) character file.

Game seed: 13718006458842292593

26 Atelerd the Sneak (level 3, 0/21 HPs)
             Began as an Octopode Earth Elementalist on May 14, 2022.
             Slain by a hobgoblin (2 damage)
             ... on level 1 of the Dungeon.
             The game lasted 00:00:52 (832 turns).

Atelerd the Sneak (Octopode Earth Elementalist)      Turns: 832, Time: 00:00:52

Health: 0/21       AC:  1    Str:  7    XL:     3   Next: 8%
Magic:  5/6        EV: 13    Int: 19    God:
Gold:   28         SH:  0    Dex: 12    Spells: 5/6 levels left

rFire   . . .      SeeInvis .   e - +0 dagger
rCold   . . .      Faith    .   (no shield)
rNeg    . . .      Spirit   .   (helmet restricted)
rPois   .          Reflect  .   (no amulet)
rElec   .          Harm     .   (no ring)
rCorr   .          Rampage  .   (no ring)
Will    .....                   (no ring)
Stlth   +++.......              (no ring)
HPRegen 0.07/turn               (no ring)
MPRegen 0.10/turn               (no ring)
                                (no ring)
                                (no ring)

@: no status effects
A: almost no armour, amphibious, 8 rings, camouflage 1, gelatinous body 1,
(nimble swimmer 1), tentacles
a: no special abilities


You were on level 1 of the Dungeon.
You visited 1 branch of the dungeon, and saw 1 of its levels.

You collected 28 gold pieces.

Inventory:

Hand Weapons
 e - a +0 dagger (weapon)
Missiles
 b - 11 stones
Scrolls
 a - a scroll of identify {unknown}
 g - a scroll of blinking {unknown}
Potions
 c - 2 potions of curing {unknown}
 d - a potion of might {unknown}
 f - a potion of attraction {unknown}


   Skills:
 - Level 2.0 Dodging
 + Level 3.4 Stealth
 + Level 2.3 Spellcasting
 + Level 1.6 Transmutations
 + Level 3.2 Earth Magic


You had 5 spell levels left.
You knew the following spells:

 Your Spells              Type           Power      Damage    Failure   Level
a - Sandblast             Erth           28%        2d8       4%          1

Your spell library contained the following spells:

 Spells                   Type           Power      Damage    Failure   Level
 Passwall                 Tmut/Erth      9%         N/A       9%          2
 Stone Arrow              Conj/Erth      16%        3d8       26%         3
 Petrify                  Tmut/Erth      11%        N/A       52%         4


Dungeon Overview and Level Annotations

Branches:
Dungeon (1/15)

Altars:

Shops:
D:1 !


Innate Abilities, Weirdness & Mutations

You cannot wear most types of armour.
You are amphibious.
You can wear up to eight rings at the same time.
Your skin changes colour to match your surroundings (Stealth+).
Your rubbery body absorbs attacks. (AC +1, EV +1)
((You are camouflaged when in or above water. (Stealth+)))
You have tentacles for arms and can constrict up to eight enemies at once.


Message History

The kobold throws a stone.
The stone misses you. The dart slug launches a dart at you.
The slug dart hits you.
There are monsters nearby!
You can't see any susceptible monsters within range! (Use Z to cast anyway.)
There are monsters nearby!
You can't see any susceptible monsters within range! (Use Z to cast anyway.)
The kobold barely misses you.
The hobgoblin shouts!
You closely miss the kobold. You grab the kobold.
You squeeze the kobold, but do no damage.
You constrict the kobold, but do no damage.
The hobgoblin hits you. The kobold barely misses you.
You hit the kobold but do no damage. You constrict the kobold.
The hobgoblin hits you. The kobold barely misses you.
There are monsters nearby!
The blast of sand hits the kobold!
You kill the kobold!
The hobgoblin hits you.
There are monsters nearby!
You are too injured to fight recklessly!
There are monsters nearby!
You are too injured to fight recklessly!
There are monsters nearby!
You are too injured to fight recklessly!
You are too injured to fight recklessly!
You are too injured to fight recklessly!
You are too injured to fight recklessly!
You are too injured to fight recklessly!
You are too injured to fight recklessly!
You hit the dart slug but do no damage. You grab the dart slug.
You constrict the dart slug. The hobgoblin hits you.
* * * LOW HITPOINT WARNING * * *
The dart slug launches a dart at you. The slug dart hits you.
* * * LOW HITPOINT WARNING * * *
You hit the dart slug but do no damage. You squeeze the dart slug!
You kill the dart slug!
The hobgoblin hits you.
You die...

.≈♣♣≈≈.≈≈..........
##.....
♣P≈P†≈≈PP≈PP≈≈≈.≈..
#8.....
≈≈≈P≈≈P≈≈÷≈≈≈≈≈≈≈# ..
#.....
♣≈P≈≈≈≈≈≈≈≈P≈≈≈≈######..
#...##
.P♣P≈≈≈≈≈≈≈≈≈P♣.........
##...##
###♣♣♣≈≈≈≈≈≈≈≈≈.......#
#8...8# ...
..#P≈≈≈P≈P♣.......+
##...##
......'.♣♣♣♣≈♣..).....#
#...## ≈≈≈≈≈.#.
.#..@g....# ##...## .8.
≈.#. .#........# #8...8#
## #........# ##...##
≈≈# #...###### ##...#
.≈# #...###### #.)###
.≈# #........## #.## .≈#
########..# ##.# ≈≈#
##.###..# ### #.....##


You could see a hobgoblin.

Vanquished Creatures
  A dart slug (D:1)
  4 ball pythons (D:1)
  An endoplasm (D:1)
  A giant cockroach (D:1)
  2 goblins (D:1)
  5 hobgoblins (D:1)
  2 quokkas (D:1)
  5 bats (D:1)
  2 frilled lizards (D:1)
  A kobold (D:1)
  A rat (D:1)
25 creatures vanquished.

Vanquished Creatures (others)
  4 plants (D:1)
4 creatures vanquished.

Grand Total: 29 creatures vanquished

Notes
Turn   | Place    | Note
-------+----------+-------------------------------------------
     0 | D:1      | Atelerd the Octopode Earth Elementalist began the quest for
                  | the Orb.
     0 | D:1      | Reached XP level 1. HP: 11/11 MP: 3/3
   108 | D:1      | Found Runulicw's Distillery.
   174 | D:1      | Reached XP level 2. HP: 17/17 MP: 1/5
   701 | D:1      | Reached XP level 3. HP: 21/21 MP: 6/6
   831 | D:1      | HP: 1/21 [dart slug/slug dart (5)]
   832 | D:1      | Slain by a hobgoblin

Illustrated notes

Levels and vault maps discovered:
D:1:      lightli_arrival_isolated_outpost, layout_basic, serial_corexii_hall,
          corexii_hall_statues_i, corexii_hall_statues_l, serial_shops, shop,
          serial_bayou_ford_a, minmay_pentomino_w4

Skill      XL: |  1 |
---------------+----+-----
Stealth        | 3 |  3.4
Dodging        | |  2.0
Spellcasting   | |  2.3
Transmutations | |  1.6
Earth Magic    | |  3.2

Action                   || total
-------------------------++-------
Melee: Unarmed           ||    20
       Constrict         ||    11
       Tentacles         ||     7
       Dagger            ||     8
 Cast: Sandblast         ||    19
 Stab: Sleeping          ||     1
Armor: Skin              ||     2
Dodge: Dodged            ||    33
